 Dungeon Crawl Stone Soup version 0.28.0-43-g3370ac3207 (webtiles) character file.

Game seed: 1636802766289864517

53 Zonian the Chiller (level 3, 0/24 HPs)
             Began as a Demonspawn Ice Elementalist on Mar 1, 2022.
             Succumbed to an adder's poison
             ... on level 2 of the Dungeon.
             The game lasted 00:02:29 (2765 turns).

Zonian the Chiller (Demonspawn Ice Elementalist)    Turns: 2765, Time: 00:02:29

Health: 0/24       AC:  2    Str:  8    XL:     3   Next: 64%
Magic:  0/6        EV: 12    Int: 18    God:
Gold:   48         SH:  0    Dex: 13    Spells: 6/7 levels left

rFire   . . .      SeeInvis .   b - +0 spear (vorpal)
rCold   . . .      Faith    .   (no shield)
rNeg    . . .      Spirit   .   a - +0 robe
rPois   .          Reflect  .   (no helmet)
rElec   .          Harm     .   (no cloak)
rCorr   .          Rampage  .   (no gloves)
Will    .....                   (no boots)
Stlth   ++........              (no amulet)
HPRegen 0.08/turn               (no ring)
MPRegen 0.10/turn               (no ring)

@: brilliant, lethally poisoned (0 -> -1)
A: powered by pain 2
a: no special abilities


You were on level 2 of the Dungeon.
You visited 1 branch of the dungeon, and saw 2 of its levels.

You collected 48 gold pieces.

Inventory:

Hand Weapons
 b - a +0 vorpal spear (weapon)
Armour
 a - a +0 robe (worn)
Scrolls
 e - a scroll of teleportation {unknown}
Potions
 d - a potion of brilliance


   Skills:
 + Level 2.3 Dodging
 + Level 2.4 Stealth
 + Level 2.5 Spellcasting
 + Level 4.0 Ice Magic


You had 6 spell levels left.
You knew the following spells:

 Your Spells              Type           Power      Damage    Failure   Level
a - Freeze                Ice            100%       1d11      3%          1

Your spell library contained the following spells:

 Spells                   Type           Power      Damage    Failure   Level
 Frozen Ramparts          Ice            50%        1d7       10%         3
 Ozocubu's Armour         Ice            25%        N/A       10%         3
 Corpse Rot               Necr/Air       6%         N/A       26%         2
 Poisonous Vapours        Pois/Air       6%         N/A       26%         2
 Hailstorm                Conj/Ice       14%        3d5       58%         4


Dungeon Overview and Level Annotations

Branches:
Dungeon (2/15)

Altars:


Innate Abilities, Weirdness & Mutations

You sometimes gain power by taking damage.


Message History

The jackal bites you.
You freeze the jackal.
The jackal is moderately wounded.
The jackal barely misses you. The jackal closely misses you.
You freeze the jackal.
The jackal is almost dead.
The jackal misses you.
Unknown command.
You freeze the jackal.
You kill the jackal!
You freeze the frilled lizard.
You kill the frilled lizard!
Unknown command.
You hit the adder but do no damage. The adder bites you.
You barely miss the adder. The adder bites you.
You are poisoned.
The adder poisons you! The adder completely misses you.
Unknown command.
You feel sick.
You feel sick. The adder bites you.
You feel sick.
You feel sick.
Casting: Freeze (safe; 3% risk of failure)
Confirm with . or Enter, or press ? or * to list all spells.
Aiming: Freeze (safe; 3% risk of failure)
Press: ? - help, Shift-Dir - straight line, f - adder
Aim: an adder You freeze the adder.
The adder is lightly wounded.
You feel sick. The adder bites you.
* * * LOW HITPOINT WARNING * * *
It was a potion of brilliance.
You feel clever all of a sudden.
You feel sick. The adder bites you.
* * * LOW HITPOINT WARNING * * *
The jackal barely misses you. The adder bites you but does no damage.
Unknown command.
As you read the scroll labelled POITAIKKO TE OBAJI, it crumbles to dust.
You speak a Word of immense power!
It was a scroll of holy word.
You die...

# #...[#....# #.#
#.###....#....######.#
..............'....#.#
#........#....####...#
#####...###### ##..#
#...# #..# #######...#
##.# ##.....†#### #.#
.......@# #.. ##....hS#
#.) #.....J## #..
..###....# ### . ####.#
# #†# ## #'# #.
.........# .........##.
#....J...##.........##.


You could see an adder, an endoplasm and a jackal.

Vanquished Creatures
  An adder (D:2)
  A dart slug (D:1)
  5 ball pythons (D:1)
  5 endoplasms
  A giant cockroach (D:1)
  3 goblins
  3 hobgoblins
  5 jackals (D:2)
  3 kobolds
  2 quokkas (D:1)
  3 bats (D:1)
  2 frilled lizards
  4 rats (D:1)
38 creatures vanquished.

Vanquished Creatures (others)
  A fungus (D:1)
1 creature vanquished.

Grand Total: 39 creatures vanquished

Notes
Turn   | Place    | Note
-------+----------+-------------------------------------------
     0 | D:1      | Zonian the Demonspawn Ice Elementalist began the quest for
                  | the Orb.
     0 | D:1      | Reached XP level 1. HP: 13/13 MP: 3/3
  1086 | D:1      | Gained mutation: You sometimes gain a little power by
                  | taking damage. [demonic ancestry]
  1086 | D:1      | Reached XP level 2. HP: 19/19 MP: 5/5
  1963 | D:1      | Gained mutation: You sometimes gain power by taking damage.
                  | [demonic ancestry]
  1963 | D:1      | Reached XP level 3. HP: 24/24 MP: 6/6
  2752 | D:2      | Reached skill level 4 in Ice Magic
  2764 | D:2      | HP: 1/24 [adder (3)]
  2765 | D:2      | Succumbed to an adder's poison

Illustrated notes

Levels and vault maps discovered:
D:1:      dpeg_arrival_yet_another_circle, layout_loops_ring,
          chequers_serial_rivers_large_a, minmay_misc_feat_enclosed,
          grunt_decor_cap, hangedman_abyss_or_decor_lesser_grid,
          minmay_shallow_snake_nest
D:2:      layout_basic, shapermc_ecumenical_altar_pompeii,
          uniq_crazy_yiuf_cottage, uniq_sigmund

Skill      XL: |  1  2  3 |
---------------+----------+-----
Stealth        | 2 |  2.4
Dodging        | 2 |  2.3
Ice Magic      | 4 |  4.0
Spellcasting   | |  2.5

Action                   || total
-------------------------++-------
Melee: Spear             ||    55
       Unarmed           ||     3
 Cast: Freeze            ||    36
  Use: Scroll            ||     1
       Potion            ||     1
 Stab: Sleeping          ||     6
Armor: Robe              ||    13
Dodge: Dodged            ||    37
